 Dungeon Sprint DCSS version 0.19.4-8-ga85b6b9 (webtiles) character file.

13900000 protoss039 the Conqueror (level 27, -10/199 HPs)
             Began as a Gargoyle Gladiator on Feb 13, 2017.
             Was the Champion of Makhleb.
             Mangled by a destroyer
             ... wielding a +9 great sword of slicing
              (23 damage)
             ... in the Dungeon (Sprint VIII: "Arena of Blood").
             The game lasted 00:10:33 (139 turns).

protoss039 the Conqueror (Gargoyle Gladiator)        Turns: 139, Time: 00:10:34

Health: -10/199    AC: 29    Str: 28    XL:     27
Magic:  46/54      EV: 25    Int: 13    God:    Makhleb [******]
Gold:   0          SH:  0    Dex: 10    Spells: 0 memorised, 80 levels left

rFire  . . .     SeeInvis .     k - +∞ Axe of Woe
rCold  . . .     Gourm    .     a - +0 leather armour
rNeg   + . .     Faith    .     (shield currently unavailable)
rPois  ∞         Spirit   .     b - +0 helmet
rElec  +         Reflect  .     (no cloak)
rCorr  .         Harm     .     (no gloves)
MR     ++...     NoTele   +     (no boots)
Stlth  +++++++++.               (no amulet)
                                f - +250 ring of slaying
                                o - +250 ring of slaying

@: slowed, very slow
A: big wings, negative energy resistance 1, electricity resistance, unbreathing,
petrification resistance, rot immunity, AC +20
a: Fly, Minor Destruction, Lesser Servant of Makhleb, Major Destruction, Greater
Servant of Makhleb, Renounce Religion


You were in the Dungeon.
You worshipped Makhleb.
Makhleb was exalted by your worship.
You were not hungry.

You visited 1 branch

Inventory:

Hand Weapons
 k - the +∞ Axe of Woe (weapon)
   (You found it in the Dungeon)
Missiles
 c - 3 throwing nets (quivered)
Armour
 a - a +0 leather armour (worn)
 b - a +0 helmet (worn)
Jewellery
 f - a +250 ring of slaying (right hand)
 l - a +30 ring of slaying
 m - a +30 ring of slaying
 n - a +200 ring of slaying
 o - a +250 ring of slaying (left hand)
Scrolls
 j - a scroll of blinking
Potions
 e - a potion of curing
 g - a potion of haste
 h - 2 potions of magic
 i - a potion of berserk rage
Comestibles
 d - a bread ration


   Skills:
 O Level 27 Fighting
 O Level 27 Axes
 O Level 27 Throwing
 O Level 27 Armour
 O Level 27 Dodging
 O Level 27 Stealth
 O Level 27 Unarmed Combat
 O Level 27 Spellcasting
 O Level 27 Invocations


You had 80 spell levels left.
You didn't know any spells.

Dungeon Overview and Level Annotations

Branches:
Dungeon (1/1)

Altars:
Makhleb


Innate Abilities, Weirdness & Mutations

You are resistant to torment.
Your stone body is resilient. (AC +20)
You are immune to poison.
Your large and strong wings let you fly indefinitely.
You resist negative energy. (rN+)
You are resistant to electric shocks. (rElec)
You can survive without breathing.
You are immune to petrification.
You are immune to rotting.


Message History

Unknown command.
You slice the dread like a ripe choko!!!!!
You hew the dread savagely.
You destroy the dread!
Makhleb accepts your kill.
Your life force feels restored.
You cut the bag of meat into ribbons!!!!!!
You chop the bag of meat into pieces.
You kill the bag of meat!
Makhleb accepts your kill.
You feel better.
You hear a shout!
The destroyer blinks!
You hear a shout!
The dread is engulfed in roaring flames.
The accursed gestures at you while chanting.
Something smites you!
The destroyer hits you with a +9 great sword of slicing!!!!
* * * LOW HITPOINT WARNING * * *
You die...

......O.%
#...o..%# .o #...O
.%# .%o###...
%.###%.
...o§§§M###.%.....
#.oCM§W)§_%%§%....
.%..o§#)§§%.#.....
.o..x #o§<§_# ...
..%. #@)p%)# .
#.p%..V%)_D%D..D
......%O###%%.%o.
...###.%% %.###o
.. #.%% ..# #.%..
..# ..... ..
...O..


You could see an accursed, 2 eight-headed meat hydras, a destroyer, 2
fleshlords, a dread, 2 meat berserkers and a bag of meat.

Vanquished Creatures
  2 hell knights (D)
  Sigmund (D)
  11 hell beasts (D)
  6 greater mummies (D)
  3 great orbs of eyes (D)
  7 wraiths (D)
  20 vampire knights (D)
  42 ogres (D)
  7 liches (D)
  3 hydras (D)
  78 orcs (D)
  6 phantoms (D)
  9 hill giants (D)
  6 skeletal warriors (D)
  3 sea snakes (D)
  5 large abominations (D)
  12 small abominations (D)
  20 crawling corpses (D)
241 creatures vanquished.

Vanquished Creatures (collateral kills)
  A small abomination (D)
1 creature vanquished.

Vanquished Creatures (others)
  2 great orbs of eyes (D)
  2 ogres (D)
  A hydra (D)
  7 orcs (D)
  2 hill giants (D)
  6 crawling corpses (D)
20 creatures vanquished.

Grand Total: 262 creatures vanquished

Notes
Turn   | Place    | Note
-------+----------+-------------------------------------------
     0 | D        | protoss039 the Gargoyle Gladiator began the quest for the Orb.
     0 | D        | Reached XP level 1. HP: 12/12 MP: 1/1
     2 | D        | Noticed a bag of meat
     4 | D        | Became a worshipper of Makhleb the Destroyer
     6 | D        | Noticed a bag of meat
     6 | D        | Noticed a bag of meat
     7 | D        | Noticed a bag of meat
    10 | D        | Noticed a bag of meat
    10 | D        | Killed a bag of meat
    10 | D        | Reached XP level 2. HP: 40/40 MP: 2/2
    10 | D        | Reached XP level 3. HP: 46/46 MP: 3/3
    10 | D        | Reached XP level 4. HP: 52/52 MP: 4/4
    10 | D        | Reached XP level 5. HP: 57/57 MP: 5/5
    10 | D        | Reached XP level 6. HP: 63/63 MP: 6/6
    10 | D        | Reached XP level 7. HP: 68/68 MP: 7/7
    10 | D        | Reached XP level 8. HP: 74/74 MP: 8/8
    10 | D        | Reached XP level 9. HP: 79/79 MP: 9/9
    10 | D        | Reached XP level 10. HP: 85/85 MP: 10/10
    10 | D        | Reached XP level 11. HP: 90/90 MP: 11/11
    10 | D        | Reached XP level 12. HP: 96/96 MP: 12/12
    11 | D        | Noticed a meat berserker
    11 | D        | Killed a bag of meat
    11 | D        | Reached * piety under Makhleb
    11 | D        | Reached XP level 13. HP: 108/108 MP: 13/13
    11 | D        | Killed a bag of meat
    11 | D        | Gained mutation: Your large and strong wings let you fly indefinitely. [Gargoyle growth]
    11 | D        | Reached XP level 14. HP: 118/118 MP: 14/14
    12 | D        | Noticed a meat berserker
    12 | D        | Noticed a meat berserker
    13 | D        | Noticed a bag of meat
    13 | D        | Noticed a meat berserker
    14 | D        | Noticed a bag of meat
    14 | D        | Noticed a meat berserker
    14 | D        | Killed a meat berserker
    14 | D        | Reached skill level 27 in Fighting
    14 | D        | Reached XP level 15. HP: 127/127 MP: 15/15
    14 | D        | Reached ** piety under Makhleb
    14 | D        | Reached skill level 27 in Axes
    16 | D        | Killed a meat berserker
    16 | D        | Reached skill level 10 in Armour
    16 | D        | Reached skill level 10 in Invocations
    16 | D        | Reached XP level 16. HP: 34/133 MP: 15/23
    16 | D        | Killed a meat berserker
    16 | D        | Reached XP level 17. HP: 99/139 MP: 15/27
    17 | D        | Killed a meat berserker
    17 | D        | Reached *** piety under Makhleb
    18 | D        | Killed a meat berserker
    18 | D        | Reached XP level 18. HP: 145/145 MP: 15/31
    22 | D        | Noticed a meat berserker
    22 | D        | Reached **** piety under Makhleb
    22 | D        | Reached skill level 27 in Dodging
    22 | D        | Reached XP level 19. HP: 151/151 MP: 16/34
    24 | D        | Noticed a meat berserker
    26 | D        | Killed a meat berserker
    27 | D        | Noticed a large bag of meat
    27 | D        | Killed a large bag of meat
    29 | D        | Reached skill level 27 in Armour
    29 | D        | Reached skill level 27 in Invocations
    30 | D        | Killed a meat berserker
    30 | D        | Reached ***** piety under Makhleb
    30 | D        | Reached XP level 20. HP: 157/157 MP: 17/37
    32 | D        | Noticed a meat berserker
    32 | D        | Noticed a meat berserker
    35 | D        | Noticed a large bag of meat
    35 | D        | Killed a meat berserker
    35 | D        | Reached XP level 21. HP: 163/163 MP: 18/44
    35 | D        | Killed a meat berserker
    36 | D        | Noticed a destroyer
    36 | D        | Killed a destroyer
    36 | D        | Reached skill level 27 in Unarmed Combat
    36 | D        | Reached XP level 22. HP: 169/169 MP: 18/51
    41 | D        | Reached skill level 27 in Spellcasting
    42 | D        | Noticed a destroyer
    43 | D        | Reached ****** piety under Makhleb
    45 | D        | Reached skill level 27 in Throwing
    45 | D        | Killed a destroyer
    45 | D        | Reached skill level 27 in Stealth
    45 | D        | Reached XP level 23. HP: 175/175 MP: 21/54
    48 | D        | Reached XP level 24. HP: 181/181 MP: 22/54
    53 | D        | Reached XP level 25. HP: 187/187 MP: 23/54
    54 | D        | Noticed a tyrant
    56 | D        | Killed a tyrant
    57 | D        | Noticed a destroyer
    57 | D        | Noticed a destroyer
    57 | D        | Noticed a tyrant
    57 | D        | Noticed a destroyer
    58 | D        | Noticed a destroyer
    59 | D        | Noticed an accursed
    59 | D        | Noticed a tyrant
    61 | D        | Noticed a destroyer
    61 | D        | Reached XP level 26. HP: 193/193 MP: 25/54
    62 | D        | Killed a tyrant
    64 | D        | Killed a destroyer
    64 | D        | Killed a destroyer
    64 | D        | Reached XP level 27. HP: 191/199 MP: 26/54
    66 | D        | Noticed a meat beast
    66 | D        | Noticed a destroyer
    67 | D        | Noticed a destroyer
    67 | D        | Killed a destroyer
    67 | D        | Killed a destroyer
    69 | D        | Noticed a destroyer
    69 | D        | Killed a destroyer
    69 | D        | Killed a meat beast
    70 | D        | Noticed a meat beast
    70 | D        | Killed a destroyer
    71 | D        | Noticed a destroyer
    71 | D        | Killed a destroyer
    71 | D        | Killed a destroyer
    72 | D        | Noticed a destroyer
    72 | D        | Noticed a dread
    72 | D        | Killed a meat beast
    73 | D        | Noticed a meat beast
    73 | D        | Noticed a meat beast
    73 | D        | Killed a destroyer
    74 | D        | Noticed a destroyer
    74 | D        | Noticed The Captor
    75 | D        | Noticed a destroyer
    75 | D        | Killed a destroyer
    77 | D        | Killed a destroyer
    78 | D        | Killed a meat beast
    78 | D        | Killed a destroyer
    78 | D        | Killed a meat beast
    80 | D        | Noticed a dread
    81 | D        | Noticed a destroyer
    81 | D        | Noticed an accursed
    81 | D        | Killed an accursed
    82 | D        | Killed a tyrant
    82 | D        | Noticed a destroyer
    83 | D        | Noticed a meat beast
    83 | D        | Killed The Captor
    85 | D        | Noticed a meat beast
    86 | D        | Noticed a tyrant
    87 | D        | Noticed a tyrant
    87 | D        | Noticed a meat beast
    88 | D        | Noticed a dread
    89 | D        | Noticed a meat beast
    89 | D        | Killed a destroyer
    90 | D        | Killed a meat beast
    90 | D        | Killed a dread
    90 | D        | Killed a destroyer
    91 | D        | Killed a meat beast
    91 | D        | Killed a meat beast
    92 | D        | Noticed a dread
    95 | D        | Killed a dread
    96 | D        | Noticed a tyrant
    96 | D        | Killed an accursed
    97 | D        | Killed a tyrant
    98 | D        | Noticed a destroyer
    98 | D        | Noticed an accursed
    98 | D        | Killed a meat beast
    98 | D        | Noticed a meat beast
    99 | D        | Noticed a destroyer
   101 | D        | Noticed a meat beast
   101 | D        | Noticed an accursed
   101 | D        | Killed a destroyer
   101 | D        | Killed a destroyer
   102 | D        | Killed a meat beast
   102 | D        | Killed a dread
   103 | D        | Noticed an accursed
   103 | D        | Noticed an accursed
   105 | D        | Noticed a dread
   109 | D        | Killed an accursed
   110 | D        | Killed a dread
   110 | D        | Killed a dread
   111 | D        | Killed a meat beast
   112 | D        | Killed a tyrant
   115 | D        | Noticed a meat beast
   115 | D        | Killed an accursed
   116 | D        | Killed a meat beast
   122 | D        | Noticed a destroyer
   123 | D        | Noticed a dread
   126 | D        | Noticed a fleshlord
   126 | D        | Killed an accursed
   127 | D        | Killed a destroyer
   130 | D        | Noticed a tyrant
   130 | D        | Killed an accursed
   130 | D        | Killed a tyrant
   131 | D        | Noticed a fleshlord
   131 | D        | Noticed a destroyer
   131 | D        | Killed a dread
   132 | D        | Noticed a dread
   133 | D        | Noticed a dread
   134 | D        | Killed a fleshlord
   135 | D        | Noticed an accursed
   135 | D        | Noticed a destroyer
   135 | D        | Noticed a fleshlord
   135 | D        | Noticed a fleshlord
   137 | D        | Killed a destroyer
   138 | D        | Killed a fleshlord
   138 | D        | Killed a tyrant
   139 | D        | Killed a dread
   139 | D        | Mangled by a destroyer

Skill      XL: |  1  2  3  4  5  6  7  8  9 10 11 12 13 14 15 16 17 18 19 20 21 22 |
---------------+-------------------------------------------------------------------+-----
Fighting       | 20 23 25 27 | 27.0
Axes           | 18 21 22 26 27 | 27.0
Armour         | 10 13 18 21 27 | 27.0
Dodging        | 13 18 24 27 | 27.0
Invocations    | 10 14 19 22 27 | 27.0
Throwing       | 8 12 17 27 | 27.0
Unarmed Combat | 16 24 27 | 27.0
Spellcasting   | 12 19 25 27 | 27.0
Stealth        | 27 | 27.0

Action                   |  1- 3 |  4- 6 |  7- 9 | 10-12 | 13-15 | 16-18 | 19-21 | 22-24 | 25-27 || total
-------------------------+-------+-------+-------+-------+-------+-------+-------+-------+-------++-------
Melee: Executioner's axe |     1 |       |       |     1 |     2 |     4 |     6 |     9 |    66 ||    89
Invok: Greater Servant o |       |       |       |       |       |       |       |     1 |     3 ||     4
       Lesser Servant of |       |       |       |       |       |       |       |     1 |       ||     1
       Major Destruction |       |       |       |       |       |       |       |     1 |       ||     1
  Use: Potion            |       |       |       |       |       |       |       |       |     1 ||     1
Armor: Leather armour    |       |       |       |       |       |       |     2 |     1 |    12 ||    15
Dodge: Dodged            |       |       |       |       |       |     1 |     1 |     4 |     8 ||    14
